 Dungeon Crawl Stone Soup version 0.30-a0-996-ga6910c8ee8 (webtiles) character file.

Game seed: 991578882563602208

26 ytrimaz the Ruffian (level 2, -9/31 HPs)
             Began as a Troll Monk on Apr 5, 2023.
             Killed by an exploding endoplasm (40 damage)
             ... ignited by their inner flame
             ... on level 2 of the Dungeon.
             The game lasted 00:01:05 (787 turns).

ytrimaz the Ruffian (Troll Monk)                     Turns: 787, Time: 00:01:06

Health: -9/31      AC:  4    Str: 18    XL:     2   Next: 89%
Magic:  1/1        EV: 10    Int:  6    God:
Gold:   67         SH:  0    Dex: 12    Spells: 1/1 levels left

rFire   . . .      SeeInvis .      - Unarmed
rCold   . . .      Faith    .    (no shield)
rNeg    . . .      Spirit   .    a - +0 robe
rPois   .          Reflect  .    (helmet restricted)
rElec   .          Rampage  .    (no cloak)
rCorr   .                        (gloves unavailable)
Will    .....                    (boots unavailable)
Stlth   ++                       (no amulet)
HPRegen 1.05/turn                (no ring)
MPRegen 0.07/turn                (no ring)

@: no status effects
A: large, unfitting armour, claws 3, regeneration 1, shaggy fur 1, tough skin 1
a: no special abilities


You were on level 2 of the Dungeon.
You visited 1 branch of the dungeon, and saw 2 of its levels.

You collected 67 gold pieces.


Innate Abilities, Weirdness & Mutations

You are too large for most types of armour.
You have claws for hands.
Your natural rate of healing is unusually fast.
You are covered in fur. (AC +1)
You have tough skin. (AC +1)


   Skills:
 * Level 3.1 Fighting
 - Level 2.4 Dodging
 - Level 1.0 Stealth
 + Level 3.4 Unarmed Combat


You had one spell level left.
You didn't know any spells.
Your spell library contained the following spells:

 Spells                   Type           Power      Damage    Failure   Level
 Conjure Ball Lightning   Conj/Air       0%         3x3d6     100%        6
 Discord                  Hex            0%         N/A       100%        8
 Disjunction              Tloc           0%         N/A       100%        8

Inventory:

Armour
 a - a +0 robe (worn)
Scrolls
 d - a scroll of teleportation
Potions
 b - a potion of ambrosia
 c - a potion of brilliance
 f - a potion of heal wounds {unknown}

Dungeon Overview and Level Annotations

Branches:
Dungeon (2/15) Zot: 11214

Altars:

Shops:
D:1

= ### <.# #.#
#+## #.# #...#
##.# #.....
##..# #......
##...####.......
#..†............
#......§@§......
#.#..###○#......
#.##.# #§# .....
#.##.# #.# ...#
#....# #.# +##
#..### #.# #..
#.# #. #.. #.
..#


There were no monsters in sight!


Message History

You take 3 damage, and now have 28/31 hp.
Unknown command.
You claw the hobgoblin!
You kill the hobgoblin! 😕 HP[+1]
You see here a hobgoblin corpse. 😕 HP[+1]
You claw the dart slug!
You kill the dart slug! 😎 HP[+1]
Your hp is fully restored (31).
No target in view!
Unknown command.
No target in view!
There is an entrance to Sucut's Jewellery Emporium here.
There is a fountain of clear blue water here.
Key pressed, stopping explore.
Key pressed, stopping explore.
Key pressed, stopping explore.
Key pressed, stopping explore.
You pick up a book of Chaos and begin reading...
You add the spells Conjure Ball Lightning, Disjunction and Discord to your library.
Found a stone staircase leading down.
A rat comes into view.
A rat is nearby!
A rat is nearby!
You closely miss the rat. The rat misses you.
Unknown command.
You barely miss the rat. The rat bites you but does no damage.
You closely miss the rat. The rat bites you but does no damage.
You claw the rat!
You kill the rat!
No target in view!
You see here a rat corpse.
Unknown command.
No target in view!
Key pressed, stopping explore.
Key pressed, stopping explore.
Key pressed, stopping explore.
You see here a +0 club.
Key pressed, stopping explore.
You enter the shallow water.
Done exploring.
Done exploring.
Done exploring.
Done exploring.
No target in view!
No target in view!
As you read the scroll labelled ZIFAGROLON, it crumbles to dust.
You feel strangely unstable.
It was a scroll of teleportation.
As you read the scroll labelled QEM LALUMM, it crumbles to dust.
It is a scroll of identify.
c - a potion of brilliance You start waiting.
Your surroundings seem slightly different.
Unknown command.
There is an escape hatch in the floor here.
You slide downwards.
The hatch slams shut behind you.
A frilled lizard is nearby!
A frilled lizard is nearby!
A frilled lizard is nearby!
You see here a scroll labelled SUIFAN CYKARUDD.
Unknown command.
Found a stone staircase leading up.
The frilled lizard bites you but does no damage.
You barely miss the frilled lizard. The frilled lizard closely misses you.
The frilled lizard bites you but does no damage.
You closely miss the frilled lizard.
Unknown command.
The frilled lizard barely misses you.
You closely miss the frilled lizard. The frilled lizard misses you.
You scratch the frilled lizard.
You kill the frilled lizard!
Unknown command.
You see here a frilled lizard corpse.
No target in view!
e - a scroll labelled SUIFAN CYKARUDD An endoplasm comes into view.
An endoplasm is nearby!
An endoplasm is nearby!
As you read the scroll labelled SUIFAN CYKARUDD, it crumbles to dust.
The creatures around you are filled with an inner flame!
It was a scroll of immolation.
Unknown command.
The endoplasm barely misses you.
You completely miss the endoplasm. The endoplasm hits you. 😕 HP[-2]
You take 2 damage, and now have 29/31 hp.
Unknown command.
The endoplasm attacks as you move away!
The endoplasm barely misses you. 😕 HP[+1] 😎 HP[+1]
Your hp is fully restored (31).
You scratch the endoplasm.
Flame seeps out of the endoplasm.
The endoplasm is engulfed in blazing flames.
The endoplasm explodes!
The fiery explosion engulfs you!!!
Ouch! That really hurt!
You die...

Skill      XL: |  1  2 |
---------------+-------+-----
Fighting       | 3 |  3.1
Dodging        | |  2.4
Stealth        | |  1.0
Unarmed Combat | |  3.4

Action                     || total
---------------------------++-------
  Melee: Unarmed           ||    49
         Punch             ||     1
    Use: Scroll            ||     3
 Armour: Robe              ||    15
  Dodge: Dodged            ||    19

Levels and vault maps discovered:
D:1:      dpeg_arrival_shrine, layout_loops_cross, serial_shops, shop_fountains,
          minmay_misc_feat_pillars, minmay_tetromino_l2
D:2:      layout_loops_corners, uniq_terence

Notes
Turn   | Place    | Note
-------+----------+-------------------------------------------
     0 | D:1      | ytrimaz the Troll Monk began the quest for the Orb.
     0 | D:1      | Reached XP level 1. HP: 22/22 MP: 0/0
     0 | D:1      | magus.rc [v1.9.6]
   114 | D:1      | Reached XP level 2. HP: 29/29 MP: 1/1
   374 | D:1      | Reached skill level 3 in Fighting
   467 | D:1      | Found Sucut's Jewellery Emporium.
   577 | D:1      | You pick up a book of Chaos and begin reading...
   577 | D:1      | You add the spells Conjure Ball Lightning, Disjunction and
                  | Discord to your library.
   787 | D:2      | Killed by an exploding endoplasm... ignited by their inner
                  | flame

Vanquished Creatures
  A dart slug (D:1)
  4 ball pythons (D:1)
  4 endoplasms
  A giant cockroach (D:1)
  3 hobgoblins (D:1)
  2 kobolds (D:1)
  3 bats (D:1)
  2 frilled lizards
  4 rats (D:1)
24 creatures vanquished.

Table legend:
 A = Non-vault XP
 B = Vault XP
 C = Vault XP percentage of total XP
 D = Non-vault monster count
 E = Vault monster count
 F = Vault count percentage of total count
                 A         B        C        D         E       F
            +---------+---------+-------+---------+---------+-------
      Total |      38 |       2 |   5.0 |      23 |       1 |   4.2
            +---------+---------+-------+---------+---------+-------
        D:1 |      35 |       2 |   5.4 |      21 |       1 |   4.5
        D:2 |       3 |       0 |   0.0 |       2 |       0 |   0.0
            +---------+---------+-------+---------+---------+-------

Illustrated notes

Table legend:
 A = Kills in this place as a percentage of kills in the entire game.
 B = Kills by you in this place as a percentage of kills by you in the entire game.
 C = Kills by friends in this place as a percentage of kills by friends in the entire game.
 D = Other kills in this place as a percentage of other kills in the entire game.
 E = Experience gained in this place as a percentage of experience gained in the entire game.
 F = Experience gained in this place divided by the number of levels of this place that you have seen.
                   A       B       C       D       E      F
               +-------+-------+-------+-------+-------+----------------------
         Total | 100.0 | 100.0 |   N/A |   N/A | 100.0 |  20.0
       Dungeon | 100.0 | 100.0 |   N/A |   N/A | 100.0 |  20.0
               +-------+-------+-------+-------+-------+----------------------

Table legend: (Time is in decaauts)
 A = Elapsed time spent in this place.
 B = Non-inter-level travel time spent in this place.
 C = Inter-level travel time spent in this place.
 D = Time resting spent in this place.
 E = Time spent auto-exploring this place.
 F = Levels seen in this place.
 G = Mean time per level.
                   A        B        C        D        E       F      G
               +--------+--------+--------+--------+--------+-----+--------+
         Total |    784 |    739 |     45 |      2 |    573 |   2 |  392.0 |
       Dungeon |    784 |    739 |     45 |      2 |    573 |   2 |  392.0 |
               +--------+--------+--------+--------+--------+-----+--------+

Top non-repeatable levels by time:
     D:1: 760 daAuts
     D:2: 23 daAuts
